AoeStats
← (ATBL) bigwillym

Arabian Desert

510150610Analyzed
1v1 RM · 2d ago on Sep 29, 2026· 21m 21s· 2 players
Game mode
Random Map
Map size
Tiny (2 player)
Population
200
Speed
Normal
Resources
Standard
Victory
Conquest
Starting age
Dark Age
Ending age
Imperial Age
RankedLock teamsTeams togetherTeam positionsShared explorationLock speedFull tech treeHidden civsTurbo modeCheats
Victory
Defeat
🇩🇪 Khitans · Germany
1368
+18
🇬🇧 Cumans · United Kingdom
1405
-18
Hakuna Yoken
6:55 Loom
9:52 Feudal Age
11:55 Double-Bit Axe
17:07 Castle Age
15:35 Domestication
16:35 Gold Mining
17:18 Forging
18:17 Bow Saw
(ATBL) bigwillym
6:24 Loom
9:00 Feudal Age
9:37 Double-Bit Axe
11:20 Horse Collar
20:22 Castle Age
19:40 Fletching
Connection lost

Rejoining the realm…

Still unreachable

The connection could not be restored.

Session expired

The server has moved on; the page needs a fresh start.